Panthers vs Senators

Created - October-08-14 at 17:28

Goals
1 2 3 T
Panthers 1 0 2 3
Senators 3 2 0 5
Shots
1 2 3 T
Panthers 11 6 4 21
Senators 14 16 11 41

1st period

1. Senators , James Wisniewski 1 (Gustav Nyquist, Sidney Crosby) at 1:50
2. Panthers , Nathan MacKinnon 1 (Henrik Zetterberg, Matt Carle) at 13:14
3. Senators , Sidney Crosby 1 (Gustav Nyquist, James Neal) at 16:01
4. Senators , Pavel Datsyuk 1 (Jan Hejda, James Wisniewski) at 19:27

Penalties :
Jan Hejda (OTT) for Hooking (Minor) at 6:13, Danny DeKeyser (FLA) for Hooking (Minor) at 9:34, Jared Cowen (OTT) for Hooking (Minor) at 16:16

2nd period

5. Senators , Pavel Datsyuk 2 (Christian Ehrhoff, Erik Gustafsson) at 9:31 (PP)
6. Senators , James Neal 1 (Gustav Nyquist, Sidney Crosby) at 16:54

Penalties :
T.J. Brodie (FLA) for Boarding (Minor) at 1:26, Matt Carle (FLA) for Hooking (Minor) at 9:25, Clarke MacArthur (FLA) for Hooking (Minor) at 9:32, Alec Martinez (OTT) for Holding (Minor) at 18:10

3rd period

7. Panthers , Sami Salo 1 (David Backes, Hampus Lindholm) at 0:41
8. Panthers , Henrik Zetterberg 1 (Nathan MacKinnon, T.J. Brodie) at 7:04

Penalties :
Hampus Lindholm (FLA) for Hooking (Minor) at 3:53, David Backes (FLA) for Hooking (Minor) at 16:55

Goalie Stats

Ben Bishop (FLA), 36 saves from 41 shots - (0.878), L, 0-1-0, 60:00 minutes
Carey Price (OTT), 18 saves from 21 shots - (0.857), W, 1-0-0, 60:00 minutes

Players Stats for Panthers

Player Name              G  A  P  +/- PIM S  H  SB GA TA FO     MP     PP MP  PK MP  
------------------------------------------------------------------------------------
Christopher Higgins      0  0  0  -1  0   0  0  0  0  0  0/0    12:13   0:00   8:04 
Clarke MacArthur         0  0  0   0  2   2  1  0  0  0  0/1    12:52   0:00   0:00 
Danny DeKeyser           0  0  0   0  2   2  1  2  0  0  0/0    23:18   3:34   4:16 
David Backes             0  1  1   0  2   2  2  0  0  0  9/20   16:49   2:33   1:24 
Hampus Lindholm          0  1  1  -1  2   2  1  2  0  0  0/0    16:27   2:23   0:31 
Henrik Zetterberg        1  1  2   1  0   1  1  0  0  0  10/27  22:20   3:24   1:57 
Jonathan Huberdeau       0  0  0  -1  0   0  1  0  0  0  0/0     4:09   0:00   0:00 
Justin Williams          0  0  0  -1  0   0  0  0  0  0  0/0    10:01   0:00   0:00 
Marcel Goc               0  0  0  -1  0   0  0  0  0  0  4/17   12:13   0:00   8:04 
Matt Carle               0  1  1   0  2   0  4  0  0  0  0/0    20:31   2:23   3:48 
Nathan MacKinnon         1  1  2   1  0   2  2  0  0  0  1/1    20:23   3:24   0:00 
Nick Bjugstad            0  0  0  -1  0   0  0  0  0  0  4/9    10:01   0:00   0:00 
Niklas Hjalmarsson       0  0  0   0  0   0  2  0  0  0  0/0    19:55   0:00   3:48 
Patric Hornqvist         0  0  0   0  0   3  0  0  0  0  0/1    15:59   2:33   0:33 
Rick Nash                0  0  0   1  0   1  1  0  0  0  1/1    20:23   3:24   0:00 
Sami Salo                1  0  1  -1  0   2  2  3  0  0  0/0    15:59   0:00   2:29 
Shane Doan               0  0  0  -1  0   1  1  0  0  0  0/0    12:34   2:33   0:00 
T.J. Brodie              0  1  1   0  2   3  1  2  0  0  0/0    23:46   3:34   5:10 

Players Stats for Senators

Player Name              G  A  P  +/- PIM S  H  SB GA TA FO     MP     PP MP  PK MP  
------------------------------------------------------------------------------------
Alec Martinez            0  0  0   0  2   1  0  1  0  0  0/0    19:06   4:29   1:47 
Alex Chiasson            0  0  0  -1  0   0  0  0  0  0  0/1     9:21   0:54   0:00 
Brooks Orpik             0  0  0  -1  0   0  0  2  0  0  0/0    12:49   0:00   3:06 
Christian Ehrhoff        0  1  1   0  0   4  0  1  0  0  0/0    18:44   5:53   0:00 
Dave Bolland             0  0  0   1  0   0  2  0  0  0  13/22  20:05   4:20   1:47 
Erik Gustafsson          0  1  1   0  0   2  0  1  0  0  0/0     9:24   5:32   0:00 
Gustav Nyquist           0  3  3   1  0   3  0  0  0  0  0/0    20:15   3:36   0:00 
James Neal               1  1  2   1  0   9  3  0  0  0  2/2    21:26   4:47   0:00 
James Wisniewski         1  1  2   2  0   2  2  0  0  0  0/0    24:35   4:08   2:51 
Jan Hejda                0  1  1   2  2   0  2  0  0  0  0/0    19:22   0:00   1:47 
Jared Cowen              0  0  0  -1  2   1  2  1  0  0  0/0    15:57   0:00   2:23 
Joffrey Lupul            0  0  0  -1  0   0  1  0  0  0  0/0     9:32   1:05   0:00 
Mark Stone               0  0  0   0  0   1  0  0  0  0  0/0     4:58   0:00   0:00 
Matt Moulson             0  0  0   1  0   2  0  0  0  0  0/2    18:18   4:20   0:00 
Mika Zibanejad           0  0  0  -1  0   4  3  0  0  0  14/18  16:55   0:00   4:10 
Pavel Datsyuk            2  0  2   1  0   5  0  0  0  0  3/5    23:15   5:41   2:56 
Sidney Crosby            1  2  3   1  0   7  0  0  0  0  16/26  21:59   5:20   0:00 
Travis Moen              0  0  0   0  0   0  0  0  0  0  0/1     7:59   0:00   3:01 

3 Stars

1 - James Wisniewski (OTT)
2 - Pavel Datsyuk (OTT)
3 - Sidney Crosby (OTT)

Power Play

Panthers - 0 on 3 Attempt(s) - 0.00%
Senators - 1 on 6 Attempt(s) - 16.67%

Penalty Kill

Panthers - 5 on 6 Attempt(s) - 83.33% - Score 0 goal in Penalty Kill
Senators - 3 on 3 Attempt(s) - 100.00% - Score 0 goal in Penalty Kill

Official

Referees : Justin StPierre and Mark Lemelin
Linesman : Steve Barton and Bryan Pancich

Game Notes

No Game Note

Finance

Level 1 -- Attendance: 5579 (85.83%) -- Ticket Income $557,900
Level 2 -- Attendance: 4665 (93.30%) -- Ticket Income $279,900
Level 3 -- Attendance: 3276 (93.60%) -- Ticket Income $114,660
Level 4 -- Attendance: 3053 (96.83%) -- Ticket Income $91,590
Luxury Box -- Attendance: 637 (63.70%) -- Ticket Income $159,250
Game was played at the Canadian Tire Centre
Total Attendance: 17210 (89.86%)
Total Ticket Income: $1,203,300
Other Income: $180,495
Total Income: $1,383,795

% Time on Ice - Panthers

Lines # - Real PCT - Wanted PCT - Time Play
Normal Forward
1 - 39% - 40% - 16:59
2 - 29% - 32% - 12:53
3 - 23% - 20% - 10:01
4 - 9% - 8% - 4:09
Normal Defense
1 - 37% - 40% - 16:07
2 - 33% - 35% - 14:21
3 - 29% - 25% - 12:52
4 - 2% - 0% - 0:42
PP Forward
1 - 57% - 60% - 3:24
2 - 43% - 40% - 2:33
PP Defense
1 - 60% - 60% - 3:34
2 - 40% - 40% - 2:23
PK Forward
1 - 81% - 65% - 8:04
2 - 19% - 35% - 1:57
PK Defense
1 - 62% - 60% - 6:13
2 - 38% - 40% - 3:48
PK3 Forward
1 - 0% - 60%
2 - 0% - 40%
PK3 Defense
1 - 0% - 60%
2 - 0% - 40%
44 Forward
1 - 0% - 60%
2 - 0% - 40%
44 Defense
1 - 0% - 60%
2 - 0% - 40%
Last Minute Offensive  - 0:00
Last Minute Defensive  - 0:00
Total
Forward - 60:00
Defense - 60:00

% Time on Ice - Senators

Lines # - Real PCT - Wanted PCT - Time Play
Normal Forward
1 - 38% - 38% - 16:39
2 - 32% - 32% - 13:58
3 - 19% - 20% - 8:27
4 - 11% - 10% - 4:58
Normal Defense
1 - 40% - 38% - 17:36
2 - 29% - 32% - 12:51
3 - 22% - 20% - 9:43
4 - 9% - 10% - 3:52
PP Forward
1 - 53% - 50% - 5:20
2 - 47% - 50% - 4:41
PP Defense
1 - 41% - 50% - 4:08
2 - 59% - 50% - 5:53
PK Forward
1 - 51% - 50% - 3:01
2 - 49% - 50% - 2:56
PK Defense
1 - 48% - 50% - 2:51
2 - 52% - 50% - 3:06
PK3 Forward
1 - 0% - 50%
2 - 0% - 50%
PK3 Defense
1 - 0% - 50%
2 - 0% - 50%
44 Forward
1 - 0% - 52%
2 - 0% - 48%
44 Defense
1 - 0% - 52%
2 - 0% - 48%
Last Minute Offensive  - 0:00
Last Minute Defensive  - 0:00
Total
Forward - 60:00
Defense - 60:00

Play by Play

1st period


0:01 of 1st period - Sidney Crosby wins face-off versus Henrik Zetterberg in neutral zone.
0:08 of 1st period - Shot by Sidney Crosby.
0:08 of 1st period - Stopped by Ben Bishop without a rebound.
0:09 of 1st period - Dave Bolland wins face-off versus David Backes in Panthers zone.
0:09 of 1st period - Christian Ehrhoff is hit by T.J. Brodie and loses puck.
0:28 of 1st period - Shot by Patric Hornqvist.
0:28 of 1st period - Stopped by Carey Price without a rebound.
0:29 of 1st period - Mika Zibanejad wins face-off versus Nick Bjugstad in Senators zone.
0:31 of 1st period - Icing by Joffrey Lupul.
0:32 of 1st period - Mika Zibanejad wins face-off versus Henrik Zetterberg in Senators zone.
0:32 of 1st period - Joffrey Lupul is hit by Rick Nash and loses puck.
1:02 of 1st period - Brooks Orpik is hit by Sami Salo and loses puck.
1:15 of 1st period - Shot by Mika Zibanejad.
1:15 of 1st period - Stopped by Ben Bishop with a rebound.
1:17 of 1st period - Shot by Brooks Orpik.
1:17 of 1st period - Shot Blocked by Sami Salo.
1:48 of 1st period - Shot by Gustav Nyquist.
1:48 of 1st period - Shot Blocked by Hampus Lindholm.
1:50 of 1st period - Shot by James Wisniewski.
1:50 of 1st period - Goal by James Wisniewski - Panthers : 0 - Senators : 1.
1:51 of 1st period - Dave Bolland wins face-off versus Nick Bjugstad in neutral zone.
3:58 of 1st period - Off-side.
3:59 of 1st period - Mika Zibanejad wins face-off versus Marcel Goc in neutral zone.
4:33 of 1st period - Christopher Higgins is hit by Jared Cowen and loses puck.
5:10 of 1st period - Pavel Datsyuk is hit by Sami Salo and loses puck.
5:54 of 1st period - Shot by Rick Nash.
5:54 of 1st period - Stopped by Carey Price without a rebound.
5:55 of 1st period - David Backes wins face-off versus Sidney Crosby in Senators zone.
5:55 of 1st period - T.J. Brodie is hit by Jan Hejda and loses puck.
5:58 of 1st period - Shot by David Backes.
5:58 of 1st period - Stopped by Carey Price with a rebound.
6:00 of 1st period - Shot by T.J. Brodie.
6:00 of 1st period - Shot Misses the Net.
6:13 of 1st period - Minor Penalty to Jan Hejda for Hooking.
6:14 of 1st period - Henrik Zetterberg wins face-off versus Travis Moen in Senators zone.
6:19 of 1st period - Shot by T.J. Brodie.
6:19 of 1st period - Stopped by Carey Price without a rebound.
6:20 of 1st period - Mika Zibanejad wins face-off versus Henrik Zetterberg in Senators zone.
6:35 of 1st period - Shot by Henrik Zetterberg.
6:35 of 1st period - Shot Misses the Net.
6:41 of 1st period - Shot by T.J. Brodie.
6:41 of 1st period - Stopped by Carey Price without a rebound.
6:42 of 1st period - David Backes wins face-off versus Pavel Datsyuk in Senators zone.
6:47 of 1st period - Shot by Danny DeKeyser.
6:47 of 1st period - Stopped by Carey Price with a rebound.
6:49 of 1st period - Shot by David Backes.
6:49 of 1st period - Shot Misses the Net.
6:51 of 1st period - Shot by Danny DeKeyser.
6:51 of 1st period - Stopped by Carey Price with a rebound.
6:53 of 1st period - Shot by Danny DeKeyser.
6:53 of 1st period - Shot Misses the Net.
7:01 of 1st period - Shot by Shane Doan.
7:01 of 1st period - Stopped by Carey Price with a rebound.
7:03 of 1st period - Shot by T.J. Brodie.
7:03 of 1st period - Shot Blocked by Brooks Orpik.
7:05 of 1st period - Shot by Shane Doan.
7:05 of 1st period - Shot Misses the Net.
7:48 of 1st period - Shot by Rick Nash.
7:48 of 1st period - Shot Misses the Net.
7:50 of 1st period - Shot by Hampus Lindholm.
7:50 of 1st period - Shot Blocked by Alec Martinez.
8:03 of 1st period - Shot by Hampus Lindholm.
8:03 of 1st period - Stopped by Carey Price without a rebound.
8:04 of 1st period - David Backes wins face-off versus Pavel Datsyuk in Senators zone.
8:29 of 1st period - Shot by James Neal.
8:29 of 1st period - Deflect By Sidney Crosby.
8:29 of 1st period - Stopped by Ben Bishop without a rebound.
8:30 of 1st period - Nick Bjugstad wins face-off versus Sidney Crosby in Panthers zone.
8:37 of 1st period - Shot by Justin Williams.
8:37 of 1st period - Shot Blocked by Erik Gustafsson.
8:42 of 1st period - Off-side.
8:43 of 1st period - Dave Bolland wins face-off versus Henrik Zetterberg in neutral zone.
8:48 of 1st period - Shot by Pavel Datsyuk.
8:48 of 1st period - Shot Blocked by Sami Salo.
9:17 of 1st period - Shot by Nathan MacKinnon.
9:17 of 1st period - Stopped by Carey Price without a rebound.
9:18 of 1st period - David Backes wins face-off versus Sidney Crosby in Senators zone.
9:18 of 1st period - Danny DeKeyser is hit by Jan Hejda and loses puck.
9:34 of 1st period - Minor Penalty to Danny DeKeyser for Hooking.
9:35 of 1st period - Marcel Goc wins face-off versus Sidney Crosby in Panthers zone.
9:48 of 1st period - Shot by Sidney Crosby.
9:48 of 1st period - Stopped by Ben Bishop without a rebound.
9:49 of 1st period - Dave Bolland wins face-off versus Marcel Goc in Panthers zone.
9:58 of 1st period - Shot by James Wisniewski.
9:58 of 1st period - Stopped by Ben Bishop without a rebound.
9:59 of 1st period - Sidney Crosby wins face-off versus Marcel Goc in Panthers zone.
10:00 of 1st period - Shot by Christian Ehrhoff.
10:00 of 1st period - Shot Blocked by T.J. Brodie.
10:02 of 1st period - Shot by Erik Gustafsson.
10:02 of 1st period - Shot Misses the Net.
10:08 of 1st period - Shot by Pavel Datsyuk.
10:08 of 1st period - Deflect By James Neal.
10:08 of 1st period - Stopped by Ben Bishop with a rebound.
10:30 of 1st period - Shot by Sidney Crosby.
10:30 of 1st period - Shot Misses the Net.
11:08 of 1st period - Icing by Gustav Nyquist.
11:09 of 1st period - David Backes wins face-off versus Dave Bolland in Senators zone.
11:32 of 1st period - Shot by Gustav Nyquist.
11:32 of 1st period - Shot Misses the Net.
11:50 of 1st period - Shot by Mika Zibanejad.
11:50 of 1st period - Shot Misses the Net.
11:53 of 1st period - Icing by Danny DeKeyser.
11:54 of 1st period - Mika Zibanejad wins face-off versus Nick Bjugstad in Panthers zone.
12:10 of 1st period - Off-side.
12:11 of 1st period - Sidney Crosby wins face-off versus Henrik Zetterberg in neutral zone.
12:19 of 1st period - Nathan MacKinnon is hit by James Neal.
12:32 of 1st period - Off-side.
12:33 of 1st period - David Backes wins face-off versus Matt Moulson in neutral zone.
12:40 of 1st period - Off-side.
12:41 of 1st period - Sidney Crosby wins face-off versus Henrik Zetterberg in neutral zone.
13:00 of 1st period - Shot by James Neal.
13:00 of 1st period - Shot Misses the Net.
13:14 of 1st period - Shot by Nathan MacKinnon.
13:14 of 1st period - Goal by Nathan MacKinnon - Panthers : 1 - Senators : 1.
13:15 of 1st period - David Backes wins face-off versus Dave Bolland in neutral zone.
13:36 of 1st period - Shot by Clarke MacArthur.
13:36 of 1st period - Shot Misses the Net.
13:48 of 1st period - Shot by David Backes.
13:48 of 1st period - Shot Misses the Net.
14:26 of 1st period - Shot by James Neal.
14:26 of 1st period - Shot Misses the Net.
14:43 of 1st period - Shot by James Neal.
14:43 of 1st period - Stopped by Ben Bishop without a rebound.
14:44 of 1st period - Nick Bjugstad wins face-off versus Alex Chiasson in Panthers zone.
14:44 of 1st period - Nick Bjugstad is hit by Joffrey Lupul.
15:38 of 1st period - Gustav Nyquist is hit by Hampus Lindholm and loses puck.
15:41 of 1st period - Shot by James Neal.
15:41 of 1st period - Stopped by Ben Bishop with a rebound.
15:55 of 1st period - Shot by James Neal.
15:55 of 1st period - Shot Misses the Net.
15:57 of 1st period - Shot by Gustav Nyquist.
15:57 of 1st period - Shot Blocked by Hampus Lindholm.
15:59 of 1st period - Shot by Gustav Nyquist.
15:59 of 1st period - Stopped by Ben Bishop with a rebound.
16:01 of 1st period - Shot by Sidney Crosby.
16:01 of 1st period - Goal by Sidney Crosby - Panthers : 1 - Senators : 2.
16:02 of 1st period - Henrik Zetterberg wins face-off versus Dave Bolland in neutral zone.
16:06 of 1st period - Danny DeKeyser is hit by Jared Cowen and loses puck.
16:16 of 1st period - Minor Penalty to Jared Cowen for Hooking.
16:17 of 1st period - Mika Zibanejad wins face-off versus Henrik Zetterberg in Senators zone.
17:20 of 1st period - Shot by Hampus Lindholm.
17:20 of 1st period - Shot Misses the Net.
17:22 of 1st period - Shot by Hampus Lindholm.
17:22 of 1st period - Shot Misses the Net.
17:24 of 1st period - Shot by David Backes.
17:24 of 1st period - Shot Misses the Net.
17:30 of 1st period - Shot by Matt Carle.
17:30 of 1st period - Shot Misses the Net.
18:14 of 1st period - Shot by T.J. Brodie.
18:14 of 1st period - Shot Misses the Net.
18:16 of 1st period - Shot by Henrik Zetterberg.
18:16 of 1st period - Shot Misses the Net.
18:53 of 1st period - Shot by James Neal.
18:53 of 1st period - Stopped by Ben Bishop without a rebound.
18:54 of 1st period - Dave Bolland wins face-off versus Clarke MacArthur in Panthers zone.
19:01 of 1st period - Shot by Pavel Datsyuk.
19:01 of 1st period - Stopped by Ben Bishop with a rebound.
19:09 of 1st period - Shot by Pavel Datsyuk.
19:09 of 1st period - Shot Hit the Post.
19:27 of 1st period - Shot by Pavel Datsyuk.
19:27 of 1st period - Goal by Pavel Datsyuk - Panthers : 1 - Senators : 3.
19:28 of 1st period - Sidney Crosby wins face-off versus Henrik Zetterberg in neutral zone.
19:28 of 1st period - Brooks Orpik is hit by Nathan MacKinnon and loses puck.
19:36 of 1st period - Icing by Gustav Nyquist.
19:37 of 1st period - James Neal wins face-off versus Henrik Zetterberg in Senators zone.
19:52 of 1st period - Shot by Sidney Crosby.
19:52 of 1st period - Shot Misses the Net.
19:55 of 1st period - Icing by Danny DeKeyser.
19:56 of 1st period - Henrik Zetterberg wins face-off versus Mika Zibanejad in Panthers zone.
Goals for this period are 1 for Panthers vs 3 for Senators.
Shots for this period are 11 for Panthers vs 14 for Senators.

2nd period


0:01 of 2nd period - Nathan MacKinnon wins face-off versus Sidney Crosby in neutral zone.
0:01 of 2nd period - Danny DeKeyser is hit by James Neal.
0:22 of 2nd period - Shot by James Neal.
0:22 of 2nd period - Stopped by Ben Bishop with a rebound.
0:36 of 2nd period - Shot by James Wisniewski.
0:36 of 2nd period - Shot Misses the Net.
0:38 of 2nd period - Shot by Sidney Crosby.
0:38 of 2nd period - Shot Misses the Net.
0:40 of 2nd period - Shot by Gustav Nyquist.
0:40 of 2nd period - Shot Misses the Net.
1:11 of 2nd period - Shot by Dave Bolland.
1:11 of 2nd period - Shot Misses the Net.
1:26 of 2nd period - Minor Penalty to T.J. Brodie for Boarding.
1:27 of 2nd period - James Neal wins face-off versus Marcel Goc in Panthers zone.
1:46 of 2nd period - Shot by Sidney Crosby.
1:46 of 2nd period - Stopped by Ben Bishop without a rebound.
1:47 of 2nd period - Marcel Goc wins face-off versus Dave Bolland in Panthers zone.
2:14 of 2nd period - Shot by Matt Moulson.
2:14 of 2nd period - Shot Blocked by Sami Salo.
2:40 of 2nd period - Shot by Pavel Datsyuk.
2:40 of 2nd period - Stopped by Ben Bishop with a rebound.
2:42 of 2nd period - Shot by James Neal.
2:42 of 2nd period - Stopped by Ben Bishop without a rebound.
2:43 of 2nd period - Sidney Crosby wins face-off versus Marcel Goc in Panthers zone.
4:05 of 2nd period - Shot by Mika Zibanejad.
4:05 of 2nd period - Shot Misses the Net.
4:07 of 2nd period - Shot by Joffrey Lupul.
4:07 of 2nd period - Deflect By Mika Zibanejad.
4:07 of 2nd period - Stopped by Ben Bishop without a rebound.
4:08 of 2nd period - Dave Bolland wins face-off versus Henrik Zetterberg in Panthers zone.
4:59 of 2nd period - Icing by Pavel Datsyuk.
5:00 of 2nd period - Dave Bolland wins face-off versus David Backes in Senators zone.
5:17 of 2nd period - Shot by James Neal.
5:17 of 2nd period - Shot Misses the Net.
5:19 of 2nd period - Shot by Gustav Nyquist.
5:19 of 2nd period - Shot Blocked by Danny DeKeyser.
5:21 of 2nd period - Shot by James Neal.
5:21 of 2nd period - Shot Misses the Net.
5:35 of 2nd period - Shot by James Neal.
5:35 of 2nd period - Stopped by Ben Bishop with a rebound.
5:37 of 2nd period - Shot by Christian Ehrhoff.
5:37 of 2nd period - Stopped by Ben Bishop with a rebound.
5:39 of 2nd period - Shot by Gustav Nyquist.
5:39 of 2nd period - Shot Misses the Net.
6:19 of 2nd period - Shot by Mika Zibanejad.
6:19 of 2nd period - Stopped by Ben Bishop without a rebound.
6:20 of 2nd period - Mika Zibanejad wins face-off versus Henrik Zetterberg in Panthers zone.
6:45 of 2nd period - Icing by Mika Zibanejad.
6:46 of 2nd period - Mika Zibanejad wins face-off versus Nick Bjugstad in Senators zone.
7:43 of 2nd period - Icing by Matt Carle.
7:44 of 2nd period - Nick Bjugstad wins face-off versus Sidney Crosby in Panthers zone.
7:48 of 2nd period - Off-side.
7:49 of 2nd period - Sidney Crosby wins face-off versus Henrik Zetterberg in neutral zone.
7:56 of 2nd period - Shot by Sidney Crosby.
7:56 of 2nd period - Shot Misses the Net.
8:20 of 2nd period - Shot by Henrik Zetterberg.
8:20 of 2nd period - Shot Blocked by Christian Ehrhoff.
9:11 of 2nd period - Pavel Datsyuk is hit by Henrik Zetterberg and loses puck.
9:25 of 2nd period - Minor Penalty to Matt Carle for Hooking.
9:26 of 2nd period - Sidney Crosby wins face-off versus Marcel Goc in Panthers zone.
9:27 of 2nd period - Shot by Erik Gustafsson.
9:27 of 2nd period - Shot Blocked by T.J. Brodie.
9:31 of 2nd period - Shot by Pavel Datsyuk.
9:31 of 2nd period - Goal by Pavel Datsyuk - Panthers : 1 - Senators : 4.
9:32 of 2nd period - Mika Zibanejad wins face-off versus David Backes in neutral zone.
9:32 of 2nd period - Minor Penalty to Clarke MacArthur for Hooking.
9:33 of 2nd period - Dave Bolland wins face-off versus Marcel Goc in Panthers zone.
9:42 of 2nd period - Shot by Gustav Nyquist.
9:42 of 2nd period - Shot Misses the Net.
9:44 of 2nd period - Shot by Erik Gustafsson.
9:44 of 2nd period - Stopped by Ben Bishop without a rebound.
9:45 of 2nd period - Sidney Crosby wins face-off versus Marcel Goc in Panthers zone.
9:46 of 2nd period - Shot by Pavel Datsyuk.
9:46 of 2nd period - Shot Misses the Net.
9:48 of 2nd period - Shot by Alec Martinez.
9:48 of 2nd period - Stopped by Ben Bishop without a rebound.
9:49 of 2nd period - Marcel Goc wins face-off versus Sidney Crosby in Panthers zone.
10:47 of 2nd period - Shot by Gustav Nyquist.
10:47 of 2nd period - Shot Misses the Net.
10:49 of 2nd period - Shot by Erik Gustafsson.
10:49 of 2nd period - Shot Misses the Net.
10:51 of 2nd period - Shot by Christian Ehrhoff.
10:51 of 2nd period - Shot Misses the Net.
11:01 of 2nd period - Shot by Gustav Nyquist.
11:01 of 2nd period - Shot Blocked by Danny DeKeyser.
11:09 of 2nd period - Shot by Gustav Nyquist.
11:09 of 2nd period - Shot Misses the Net.
11:11 of 2nd period - Shot by Christian Ehrhoff.
11:11 of 2nd period - Stopped by Ben Bishop with a rebound.
11:13 of 2nd period - Shot by Christian Ehrhoff.
11:13 of 2nd period - Shot Misses the Net.
11:17 of 2nd period - Shot by Matt Moulson.
11:17 of 2nd period - Shot Misses the Net.
11:19 of 2nd period - Shot by Erik Gustafsson.
11:19 of 2nd period - Stopped by Ben Bishop without a rebound.
11:20 of 2nd period - Sidney Crosby wins face-off versus David Backes in Panthers zone.
11:21 of 2nd period - Shot by Pavel Datsyuk.
11:21 of 2nd period - Shot Misses the Net.
11:35 of 2nd period - Shot by Sidney Crosby.
11:35 of 2nd period - Shot Misses the Net.
11:37 of 2nd period - Shot by Mark Stone.
11:37 of 2nd period - Stopped by Ben Bishop without a rebound.
11:38 of 2nd period - David Backes wins face-off versus Mika Zibanejad in Panthers zone.
11:47 of 2nd period - Shot by Patric Hornqvist.
11:47 of 2nd period - Shot Misses the Net.
11:49 of 2nd period - Shot by Clarke MacArthur.
11:49 of 2nd period - Stopped by Carey Price without a rebound.
11:50 of 2nd period - Dave Bolland wins face-off versus Henrik Zetterberg in Senators zone.
12:33 of 2nd period - Hampus Lindholm is hit by James Wisniewski and loses puck.
12:59 of 2nd period - Pavel Datsyuk is hit by David Backes and loses puck.
13:09 of 2nd period - Icing by Matt Carle.
13:10 of 2nd period - David Backes wins face-off versus Sidney Crosby in Panthers zone.
13:10 of 2nd period - David Backes is hit by James Neal.
13:47 of 2nd period - Sidney Crosby is hit by Matt Carle and loses puck.
14:36 of 2nd period - Danny DeKeyser is hit by Mika Zibanejad and loses puck.
15:49 of 2nd period - Shot by Nathan MacKinnon.
15:49 of 2nd period - Shot Misses the Net.
15:51 of 2nd period - Shot by Sami Salo.
15:51 of 2nd period - Stopped by Carey Price with a rebound.
15:53 of 2nd period - Shot by Hampus Lindholm.
15:53 of 2nd period - Stopped by Carey Price without a rebound.
15:54 of 2nd period - Mika Zibanejad wins face-off versus Marcel Goc in Senators zone.
15:54 of 2nd period - Mika Zibanejad is hit by Jonathan Huberdeau.
16:50 of 2nd period - Shot by Gustav Nyquist.
16:50 of 2nd period - Shot Misses the Net.
16:52 of 2nd period - Shot by James Neal.
16:52 of 2nd period - Stopped by Ben Bishop with a rebound.
16:54 of 2nd period - Shot by James Neal.
16:54 of 2nd period - Goal by James Neal - Panthers : 1 - Senators : 5.
16:55 of 2nd period - Henrik Zetterberg wins face-off versus Dave Bolland in neutral zone.
17:28 of 2nd period - James Wisniewski is hit by Niklas Hjalmarsson and loses puck.
18:03 of 2nd period - Shot by David Backes.
18:03 of 2nd period - Stopped by Carey Price without a rebound.
18:04 of 2nd period - Nick Bjugstad wins face-off versus Sidney Crosby in Senators zone.
18:10 of 2nd period - Minor Penalty to Alec Martinez for Holding.
18:11 of 2nd period - Mika Zibanejad wins face-off versus David Backes in Senators zone.
18:11 of 2nd period - Mika Zibanejad is hit by Shane Doan.
18:21 of 2nd period - Shot by Patric Hornqvist.
18:21 of 2nd period - Stopped by Carey Price without a rebound.
18:22 of 2nd period - Henrik Zetterberg wins face-off versus Mika Zibanejad in Senators zone.
18:53 of 2nd period - Pavel Datsyuk is hit by Nathan MacKinnon and loses puck.
19:25 of 2nd period - David Backes is hit by Dave Bolland and loses puck.
19:32 of 2nd period - Shot by Patric Hornqvist.
19:32 of 2nd period - Stopped by Carey Price without a rebound.
19:33 of 2nd period - Mika Zibanejad wins face-off versus Patric Hornqvist in Senators zone.
19:56 of 2nd period - Icing by Patric Hornqvist.
19:57 of 2nd period - Pavel Datsyuk wins face-off versus David Backes in Panthers zone.
Goals for this period are 0 for Panthers vs 2 for Senators.
Shots for this period are 6 for Panthers vs 16 for Senators.

3rd period


0:01 of 3rd period - Pavel Datsyuk wins face-off versus Henrik Zetterberg in neutral zone.
0:04 of 3rd period - Danny DeKeyser is hit by Mika Zibanejad and loses puck.
0:37 of 3rd period - Shot by David Backes.
0:37 of 3rd period - Shot Misses the Net.
0:39 of 3rd period - Shot by David Backes.
0:39 of 3rd period - Shot Misses the Net.
0:41 of 3rd period - Shot by Sami Salo.
0:41 of 3rd period - Goal by Sami Salo - Panthers : 2 - Senators : 5.
0:42 of 3rd period - Henrik Zetterberg wins face-off versus Dave Bolland in neutral zone.
0:55 of 3rd period - Shot by Pavel Datsyuk.
0:55 of 3rd period - Shot Misses the Net.
1:25 of 3rd period - Shot by Pavel Datsyuk.
1:25 of 3rd period - Stopped by Ben Bishop without a rebound.
1:26 of 3rd period - Sidney Crosby wins face-off versus David Backes in Panthers zone.
1:26 of 3rd period - Gustav Nyquist is hit by Matt Carle and loses puck.
1:35 of 3rd period - Shot by Patric Hornqvist.
1:35 of 3rd period - Deflect By Clarke MacArthur.
1:35 of 3rd period - Stopped by Carey Price without a rebound.
1:36 of 3rd period - Sidney Crosby wins face-off versus David Backes in Senators zone.
1:49 of 3rd period - Jared Cowen is hit by David Backes and loses puck.
2:34 of 3rd period - Pavel Datsyuk is hit by Clarke MacArthur and loses puck.
3:02 of 3rd period - Dave Bolland is hit by Danny DeKeyser and loses puck.
3:06 of 3rd period - Icing by Niklas Hjalmarsson.
3:07 of 3rd period - Mika Zibanejad wins face-off versus Henrik Zetterberg in Panthers zone.
3:22 of 3rd period - Shot by Mika Zibanejad.
3:22 of 3rd period - Stopped by Ben Bishop with a rebound.
3:24 of 3rd period - Shot by Joffrey Lupul.
3:24 of 3rd period - Shot Misses the Net.
3:51 of 3rd period - Hampus Lindholm is hit by Mika Zibanejad and loses puck.
3:53 of 3rd period - Minor Penalty to Hampus Lindholm for Hooking.
3:54 of 3rd period - Sidney Crosby wins face-off versus Marcel Goc in Panthers zone.
4:01 of 3rd period - Shot by Sidney Crosby.
4:01 of 3rd period - Stopped by Ben Bishop without a rebound.
4:02 of 3rd period - Dave Bolland wins face-off versus Marcel Goc in Panthers zone.
4:15 of 3rd period - Shot by Matt Moulson.
4:15 of 3rd period - Stopped by Ben Bishop without a rebound.
4:16 of 3rd period - Sidney Crosby wins face-off versus Marcel Goc in Panthers zone.
4:16 of 3rd period - Pavel Datsyuk is hit by Niklas Hjalmarsson and loses puck.
4:28 of 3rd period - Pavel Datsyuk is hit by Matt Carle and loses puck.
4:32 of 3rd period - Pavel Datsyuk is hit by Matt Carle and loses puck.
5:44 of 3rd period - Shot by Christian Ehrhoff.
5:44 of 3rd period - Stopped by Ben Bishop without a rebound.
5:45 of 3rd period - Henrik Zetterberg wins face-off versus Matt Moulson in Panthers zone.
6:12 of 3rd period - Shot by Nick Bjugstad.
6:12 of 3rd period - Shot Misses the Net.
7:04 of 3rd period - Shot by Henrik Zetterberg.
7:04 of 3rd period - Goal by Henrik Zetterberg - Panthers : 3 - Senators : 5.
7:05 of 3rd period - Sidney Crosby wins face-off versus David Backes in neutral zone.
7:42 of 3rd period - Shot by James Neal.
7:42 of 3rd period - Shot Misses the Net.
7:44 of 3rd period - Shot by Sidney Crosby.
7:44 of 3rd period - Stopped by Ben Bishop without a rebound.
7:45 of 3rd period - Henrik Zetterberg wins face-off versus Dave Bolland in Panthers zone.
9:29 of 3rd period - Shot by David Backes.
9:29 of 3rd period - Shot Misses the Net.
10:06 of 3rd period - Shot by Justin Williams.
10:06 of 3rd period - Shot Misses the Net.
10:21 of 3rd period - Icing by Hampus Lindholm.
10:22 of 3rd period - Mika Zibanejad wins face-off versus Nick Bjugstad in Panthers zone.
11:15 of 3rd period - Shot by Marcel Goc.
11:15 of 3rd period - Deflect By Christopher Higgins.
11:15 of 3rd period - Shot Blocked by Brooks Orpik.
11:17 of 3rd period - Shot by T.J. Brodie.
11:17 of 3rd period - Stopped by Carey Price without a rebound.
11:18 of 3rd period - Henrik Zetterberg wins face-off versus Sidney Crosby in Senators zone.
12:04 of 3rd period - Nathan MacKinnon is hit by James Wisniewski and loses puck.
12:24 of 3rd period - Icing by Matt Carle.
12:25 of 3rd period - Pavel Datsyuk wins face-off versus David Backes in Panthers zone.
12:48 of 3rd period - Shot by Pavel Datsyuk.
12:48 of 3rd period - Shot Misses the Net.
13:28 of 3rd period - Shot by Mika Zibanejad.
13:28 of 3rd period - Shot Misses the Net.
14:29 of 3rd period - Shot by Gustav Nyquist.
14:29 of 3rd period - Stopped by Ben Bishop with a rebound.
14:31 of 3rd period - Shot by Sidney Crosby.
14:31 of 3rd period - Shot Misses the Net.
14:49 of 3rd period - Shot by Gustav Nyquist.
14:49 of 3rd period - Stopped by Ben Bishop without a rebound.
14:50 of 3rd period - Rick Nash wins face-off versus Dave Bolland in Panthers zone.
15:02 of 3rd period - Icing by Christian Ehrhoff.
15:03 of 3rd period - Dave Bolland wins face-off versus David Backes in Senators zone.
15:05 of 3rd period - Icing by Matt Moulson.
15:06 of 3rd period - Dave Bolland wins face-off versus Henrik Zetterberg in Senators zone.
15:14 of 3rd period - Shot by Matt Moulson.
15:14 of 3rd period - Stopped by Ben Bishop without a rebound.
15:15 of 3rd period - Sidney Crosby wins face-off versus Henrik Zetterberg in Panthers zone.
15:32 of 3rd period - Shot by Henrik Zetterberg.
15:32 of 3rd period - Shot Misses the Net.
16:55 of 3rd period - Minor Penalty to David Backes for Hooking.
16:56 of 3rd period - Dave Bolland wins face-off versus Marcel Goc in Panthers zone.
16:57 of 3rd period - Shot by Christian Ehrhoff.
16:57 of 3rd period - Stopped by Ben Bishop without a rebound.
16:58 of 3rd period - Marcel Goc wins face-off versus Dave Bolland in Panthers zone.
17:33 of 3rd period - Marcel Goc is hit by Dave Bolland and loses puck.
19:15 of 3rd period - Shot by Jared Cowen.
19:15 of 3rd period - Stopped by Ben Bishop without a rebound.
19:16 of 3rd period - Henrik Zetterberg wins face-off versus Mika Zibanejad in Panthers zone.
19:49 of 3rd period - Shot by Henrik Zetterberg.
19:49 of 3rd period - Shot Blocked by Jared Cowen.
Goals for this period are 2 for Panthers vs 0 for Senators.
Shots for this period are 4 for Panthers vs 11 for Senators.


Output by the SimonT Hockey Simulator (STHS) for Stephane Roy -- Original Page W3C XHTML 1.0 Valid
Hockey Simulator - Hockey Simulation - Hockey Manager